 Dungeon Crawl Stone Soup version 0.30.0-15-g856e2d3f33 (webtiles) character file.

Game seed: 17333917254094236637

585 zlionsfan the Shooter (level 7, -9/51 HPs)
             Began as a Mummy Hexslinger on May 19, 2023.
             Was a Priest of Vehumet.
             Mangled by an ogre
             ... wielding a +0 giant spiked club
              (28 damage)
             ... on level 6 of the Dungeon.
             The game lasted 00:19:50 (4195 turns).

zlionsfan the Shooter (Mummy Hexslinger)            Turns: 4195, Time: 00:19:51

Health: -9/51      AC:  5    Str: 13    XL:     7   Next: 15%
Magic:  11/12      EV: 11    Int: 18    God:    Vehumet [***...]
Gold:   232        SH:  5    Dex: 12    Spells: 5/13 levels left

rFire   x . .        b - +5 sling (heavy)
rCold   + + .        (no shield)
rNeg    + + +        o - +0 leather armour "Ucwil" {rC+ rN+ Int+3}
rPois   ∞            (no helmet)
rElec   .            m - +0 cloak
rCorr   .            (no gloves)
SInv    .            k - +0 pair of boots
Will    .....        e - amulet of reflection
Stlth   +            (no ring)
HPRegen 0.28/turn    (no ring)
MPRegen 0.13/turn

%: reflection, faith
@: no status effects
A: cold resistance 1, negative energy resistance 3, torment resistance 2, heat
vulnerability 1, in touch with death 1, no potions, faith
a: Renounce Religion


You were on level 6 of the Dungeon.
You worshipped Vehumet.
Vehumet was most pleased with you.
You visited 1 branch of the dungeon, and saw 6 of its levels.

You collected 232 gold pieces.

Inventory:

Hand Weapons
 a - a +2 dagger of venom
 b - a +5 heavy sling (weapon)
Armour
 k - a +0 pair of boots (worn)
 m - a +0 cloak (worn)
 o - the +0 leather armour "Ucwil" (worn) {rC+ rN+ Int+3}
   (You found it on level 3 of the Dungeon)

   Int:       It affects your intelligence (+3).
   rC:        It protects you from cold.
   rN:        It protects you from negative energy.
Jewellery
 e - an amulet of reflection (around neck)
Wands
 g - a wand of roots (9)
Scrolls
 c - a scroll of fog
 d - 4 scrolls of teleportation
 f - a scroll of immolation
 h - a scroll of torment
 i - a scroll of butterflies {unknown}
 j - 3 scrolls of poison
 l - a scroll of magic mapping
 n - a scroll of silence {unknown}


   Skills:
 * Level 2.9 Fighting
 * Level 4.4 Ranged Weapons
 + Level 1.0 Armour
 + Level 1.7 Dodging
 + Level 0.1 Stealth
 + Level 0.1 Shields
 * Level 3.6 Spellcasting
 * Level 0.2 Conjurations
 + Level 3.3 Hexes
 + Level 2.2 Necromancy


You had 5 spell levels left.
You knew the following spells:

 Your Spells              Type           Power      Damage    Failure   Level
a - Slow                  Hex            60%        N/A       4%          1
b - Foxfire               Conj/Fire      12%        2x1d4     5%          1
c - Apportation           Tloc           6%         N/A       21%         1
d - Necrotise             Necr           68%        1d7       8%          1
e - Shock                 Conj/Air       12%        1d3       5%          1
f - Hailstorm             Conj/Ice       3%         3d3       16%         3

Your spell library contained the following spells:

 Spells                   Type           Power      Damage    Failure   Level
 Inner Flame              Hex/Fire       9%         N/A       8%          3
 Frozen Ramparts          Ice            6%         1d1       16%         3
 Ignite Poison            Fire/Tmut/Pois 3%         N/A       16%         3
 Stone Arrow              Conj/Erth      6%         3d7       16%         3
 Summon Small Mammal      Summ           12%        N/A       21%         1
 Cigotuvi's Dreadful Rot  Necr/Pois/Air  16%        N/A       22%         2
 Portal Projectile        Hex/Tloc       18%        N/A       28%         3
 Summon Guardian Golem    Hex/Summ       9%         N/A       28%         3
 Cause Fear               Hex            7%         N/A       43%         4
 Call Canine Familiar     Summ           3%         N/A       52%         3
 Fireball                 Conj/Fire      1%         3d3       75%         5
 Freezing Cloud           Conj/Ice/Air   1%         6-21      75%         5
 Irradiate                Conj/Tmut      1%         3d12      75%         5
 Summon Ice Beast         Ice/Summ       3%         N/A       89%         4
 Plasma Beam              Fire/Air       1%         2x1d12    99%         6
 Starburst                Conj/Fire      1%         6d3       99%         6
 Ice Form                 Ice/Tmut       Unusable   N/A       N/A         4
 Borgnjor's Revivificati  Necr           Unusable   N/A       N/A         8

Dungeon Overview and Level Annotations

Branches:
Dungeon (6/15)             Temple (0/1) D:5

Altars:
Ashenzari
Gozag
Okawaru
Qazlal
Vehumet
Yredelemnul

Shops:
D:1 [

Annotations:
D:3 2 transporters, minhee2137's ghost, amateur SpEE


Innate Abilities, Weirdness & Mutations

You are immune to poison.
Your flesh is cold resistant. (rC+)
You are immune to negative energy. (rN+++)
You are immune to unholy pain and torment.
You are vulnerable to heat. (rF-)
You are in touch with the powers of death.
You do not drink.
You have a special connection with the divine. (Faith)


Message History

You shoot a sling bullet. The sling bullet hits the scorpion!
You kill the scorpion!
Vehumet accepts your kill.
You feel your power returning.
Magic restored.
You see here a scorpion corpse.
Found a broken altar of Ashenzari.
You now have 232 gold pieces (gained 8).
An ogre comes into view. It is wielding a +0 giant spiked club.
An ogre is nearby!
Found a ring mail.
An orc comes into view. It is wielding a +0 club.
Casting: Necrotise (safe; 8% risk of failure)
Confirm with . or Enter, or press ? or * to list all spells.
Aiming: Necrotise (safe; 8% risk of failure)
Press: ? - help, Shift-Dir - straight line, f - orc
Aim: an orc, wielding a +0 club (chance to affect: 87%)
You feel a surge of power!
The orc barely resists.
The ogre shouts!
The orc attacks as you move away! The orc barely misses you.
The orc barely misses you.
You shoot a sling bullet. The sling bullet hits the orc!
You kill the orc!
Vehumet accepts your kill.
Casting: Necrotise (safe; 8% risk of failure)
Confirm with . or Enter, or press ? or * to list all spells.
Aiming: Slow (safe; 4% risk of failure)
Press: ? - help, Shift-Dir - straight line, f - ogre
Aim: an ogre, wielding a +0 giant spiked club (chance to affect: 49%)
The ogre resists with some effort.
The ogre hits you with a +0 giant spiked club!!
Ouch! That really hurt!
As you read the scroll of torment, it crumbles to dust.
You feel a surge of unholy energy.
The ogre convulses!
The ogre misses you.
You shoot a sling bullet.
The sling bullet hits the ogre but does no damage.
The ogre is heavily wounded.
The ogre hits you with a +0 giant spiked club!!
Ouch! That really hurt!
You die...

###### #....# #....# .
#....# ....######..#
#....@O...## ###
#######....#########.#
#.........†.......##.#
#.......[..............#
..#.....O.######.......#
............ #.......#
..###.....### #.......#
..#####_#####.##.......#
..###.....###.##.......#


You could see an ogre.

Vanquished Creatures
  A centaur (D:5)
  A phantom (D:5)
  2 scorpions
  A hound (D:5)
  An orc priest (D:5)
  An iguana (D:4)
  3 orc wizards
  5 adders
  An ufetubus (D:4)
  A worm (D:4)
  4 dart slugs
  12 orcs
  9 endoplasms
  4 giant cockroaches
  8 goblins
  7 hobgoblins
  5 jackals (D:3)
  6 kobolds
  2 quokkas (D:1)
  10 ball pythons
  5 bats
  3 frilled lizards
  4 rats
96 creatures vanquished.

Vanquished Creatures (others)
  An orc (D:3)
  11 foxfires (D:3)
12 creatures vanquished.

Grand Total: 108 creatures vanquished

Notes
Turn   | Place    | Note
-------+----------+-------------------------------------------
     0 | D:1      | zlionsfan the Mummy Hexslinger began the quest for the Orb.
     0 | D:1      | Reached XP level 1. HP: 15/15 MP: 2/2
   102 | D:1      | Reached XP level 2. HP: 21/21 MP: 4/4
   250 | D:1      | Found Boxoeh's Armour Emporium.
   258 | D:1      | Reached skill level 2 in Ranged Weapons
   304 | D:1      | Learned a level 1 spell: Foxfire
   407 | D:1      | Learned a level 1 spell: Apportation
   409 | D:1      | Learned a level 1 spell: Necrotise
   420 | D:1      | Gained mutation: You are in touch with the powers of death.
                  | [Mummy growth]
   420 | D:1      | Reached XP level 3. HP: 25/26 MP: 3/5
   984 | D:2      | Found a faded altar of an unknown god.
   992 | D:2      | Prayed at the altar of an unknown god.
   992 | D:2      | Became a worshipper of Vehumet
   992 | D:2      | Reached * piety under Vehumet
   992 | D:2      | Offered knowledge of Shock by Vehumet.
   995 | D:2      | Learned a level 1 spell: Shock
  1213 | D:3      | Reached XP level 4. HP: 18/33 MP: 7/7
  1360 | D:3      | Found a transporter.
  1424 | D:3      | Offered knowledge of Magic Dart by Vehumet.
  1628 | D:3      | Found a stormy altar of Qazlal.
  1629 | D:3      | Found an opulent altar of Gozag.
  1629 | D:3      | Found an iron altar of Okawaru.
  1633 | D:3      | Found a basalt altar of Yredelemnul.
  1688 | D:3      | Reached ** piety under Vehumet
  1717 | D:3      | Identified the +0 leather armour "Ucwil" {rC+ rN+ Int+3}
  2121 | D:3      | Got the Exposition on Puissant Diablerie
  2291 | D:3      | Found a transporter.
  2336 | D:3      | Noticed minhee2137's ghost (amateur SpEE)
  2495 | D:4      | Noticed a scorpion
  2500 | D:4      | Killed a scorpion
  2501 | D:4      | Reached skill level 3 in Ranged Weapons
  2501 | D:4      | Reached XP level 5. HP: 38/38 MP: 9/9
  2719 | D:4      | Reached skill level 1 in Necromancy
  3176 | D:5      | Entered Level 5 of the Dungeon
  3267 | D:5      | Noticed a centaur
  3280 | D:5      | Killed a centaur
  3281 | D:5      | Reached XP level 6. HP: 21/44 MP: 9/11
  3413 | D:5      | Offered knowledge of Hailstorm by Vehumet.
  3418 | D:5      | Learned a level 3 spell: Hailstorm
  3444 | D:5      | Found a staircase to the Ecumenical Temple.
  3599 | D:5      | Reached skill level 4 in Ranged Weapons
  3857 | D:5      | Reached skill level 1 in Armour
  3870 | D:5      | Reached *** piety under Vehumet
  3871 | D:5      | Reached XP level 7. HP: 28/51 MP: 12/12
  4178 | D:6      | Found a broken altar of Ashenzari.
  4195 | D:6      | Mangled by an ogre

Illustrated notes

Levels and vault maps discovered:
D:1:      amcnicky_arrival_flooded_fountain, layout_basic, serial_shops, shop,
          minmay_misc_feat_more_columns, minmay_pentomino_z4
D:2:      layout_rooms, ebering_ecumenical_altar_rust, minmay_misc_feat_doors,
          grunt_ministairs_13
D:3:      layout_loops_ring, minitemple, gammafunk_ghost_gnarly_gnolls
D:4:      layout_cave_pods
D:5:      layout_cave_pods, minmay_temple_entry_antechambers,
          serial_bayou_lake_a
D:6:      layout_basic, lightli_temple_of_fire, cheibrodos_ashenzari_chains

Skill      XL: |  1  2  3  4  5  6 |
---------------+-------------------+-----
Hexes          | 3 |  3.3
Ranged Weapons | 2 3 4 |  4.4
Spellcasting   | 2 3 |  3.6
Fighting       | 2 |  2.9
Necromancy     | 1 2 |  2.2
Armour         | 1 |  1.0
Dodging        | |  1.7
Stealth        | |  0.1
Shields        | |  0.1
Conjurations   | |  0.2

Action                     |  1- 3 |  4- 6 |  7- 9 || total
---------------------------+-------+-------+-------++-------
  Melee: Dagger            |       |     4 |       ||     4
         Sling             |       |     2 |       ||     2
   Fire: Sling             |   143 |   178 |     6 ||   327
   Cast: Slow              |     3 |     1 |     1 ||     5
         Necrotise         |     9 |     8 |     4 ||    21
         Foxfire           |       |     6 |       ||     6
         Shock             |       |     3 |       ||     3
    Use: Scroll            |       |    13 |     1 ||    14
 Armour: Robe              |    23 |     9 |       ||    32
         Leather armour    |       |    37 |       ||    37
  Dodge: Dodged            |    65 |    86 |     5 ||   156
  Block: Other             |       |    10 |       ||    10
         Reflection        |       |     2 |       ||     2
